[Event "Team 45 45 League T64"]
[Site "Internet Chess Club"]
[Date "2015.03.21"]
[Round "3"]
[White "jjmolina"]
[Black "juniorVishy"]
[Result "1/2-1/2"]
[WhiteElo "1752"]
[BlackElo "1933"]
[Opening "Sicilian: accelerated fianchetto, modern variation with Bc4"]
[ECO "B35"]
[Time "16:08:37"]
[TimeControl "2700+45"]

1. e4 c5 2. Nf3 g6 3. d4 cxd4 4. Nxd4 Bg7 5. Nc3 Nc6 6. Be3 Nf6 7. Bc4 O-O 8.
O-O d6 9. f3 Bd7 10. Qd2 Rc8 11. Bb3 Ne5 12. Rad1 Nc4 13. Bxc4 Rxc4 14. Nb3 Qc7
15. Qf2 a6 16. Bb6 Qb8 17. a3 Be6 18. Rfe1 Nd7 19. Bd4 b5 20. Bxg7 Kxg7 21. Nd4
Rfc8 22. Nxe6+ fxe6 23. Rd4 R4c5 24. Qh4 Nf6 25. Qf2 Qc7 26. Qe3 a5 27. f4 e5
28. fxe5 Rxe5 29. Nd5 Nxd5 30. Rxd5 Qxc2 31. Rxe5 dxe5 32. Qa7 Qc5+ 33. Qxc5
Rxc5 34. Re2 b4 35. axb4 axb4 36. Kf2 Kf6 37. Kf3 Ke6 38. Ke3 Rc4 39. Rd2 Rc1
40. h3 g5 41. Kf2 h5 42. Ke2 g4 43. hxg4 hxg4 44. Kf2 b3 45. Ke2 Kf6 46. Rd1 Rc4
47. Ke3 Rc2 48. Rd2 Rc1 49. Rd3 Re1+ 50. Kf2 Rxe4 51. Rxb3 Rc4 52. Rb7 Kf5 53.
Rxe7 Rc2+ 54. Kg3 Rxb2 55. Rf7+ Ke4 56. Rg7 Kd3 57. Rxg4 e4 58. Rg8 e3 59. Rd8+
Ke2 60. Kf4 Kf2 61. Re8 e2 62. g4 Rb4+ 63. Kf5 Kf3 64. Rxe2 Kxe2 65. g5 Kf3 66.
g6 Rb8 67. g7 Kg3 68. Kf6 Kf4 69. Kf7 Rb7+ 70. Kf8 Rxg7 71. Kxg7 {Game drawn
because neither player has mating material} 1/2-1/2

[Event "Team 45 45 League T64"]
[Site "Internet Chess Club"]
[Date "2015.03.21"]
[Round "3"]
[White "anna"]
[Black "TillyChess"]
[Result "0-1"]
[WhiteElo "1799"]
[BlackElo "2090"]
[Opening "French: exchange variation"]
[ECO "C01"]
[Time "10:04:25"]
[TimeControl "2700+45"]

1. e4 e6 2. d4 d5 3. exd5 exd5 4. Nf3 Nf6 5. Bd3 Be7 6. O-O O-O 7. c3 Bg4 8. h3
Bh5 9. Bf4 Nbd7 10. Nbd2 c5 11. Qc2 c4 12. Be2 Re8 13. Rfe1 b5 14. Nf1 Bg6 15.
Qc1 Qb6 16. a3 h6 17. Ng3 Ne4 18. Nxe4 Bxe4 19. Nd2 Bg6 20. Bd1 Bd6 21. Rxe8+
Rxe8 22. Nf3 Bxf4 23. Qxf4 Be4 24. Nd2 Bd3 25. Bf3 Nf6 26. Nf1 Qc6 27. Ng3 a6
28. Kh2 Qd7 29. Qd2 Qe7 30. a4 b4 31. cxb4 Qa7 32. Qc3 Rb8 33. b3 Qe7 34. bxc4
dxc4 35. b5 axb5 36. axb5 Rxb5 37. Ra3 Kh7 38. Kg1 Rb1+ 39. Kh2 h5 40. Ra1 h4
41. Nh1 Qd6+ 42. g3 hxg3+ 43. Nxg3 Rb3 44. Qe1 Qxd4 45. Rc1 Rb2 46. Kg2 g6 47.
Nf1 Nd5 48. Kg1 Nf4 {White resigns} 0-1

[Event "Team 45 45 League T64"]
[Site "Internet Chess Club"]
[Date "2015.03.24"]
[Round "3"]
[White "elmaestro"]
[Black "EFXBT"]
[Result "1-0"]
[WhiteElo "1767"]
[BlackElo "1506"]
[Opening "Queen's pawn game"]
[ECO "D00"]
[Time "17:06:02"]
[TimeControl "2700+45"]

1. d4 d5 2. e3 e6 3. Bd3 Nf6 4. Nd2 c5 5. c3 Nc6 6. f4 Be7 7. Ngf3 O-O 8. O-O b6
9. Ne5 Bb7 10. Qf3 Nd7 11. g4 Ndxe5 12. dxe5 f6 13. Qh3 h6 14. g5 fxg5 15. Qxe6+
Kh8 16. Qg6 Kg8 17. e6 Rf5 18. Bxf5 Bf6 19. fxg5 Bxg5 20. Ne4 dxe4 21. Bxe4 Bf6
22. Qf7+ Kh8 23. Qxb7 Be5 24. Qxc6 Qg5+ 25. Kh1 Rd8 26. e7 Qxe7 27. Qg6 Qh4 28.
Qh7# {Black checkmated} 1-0

[Event "Team 45 45 League T64"]
[Site "Internet Chess Club"]
[Date "2015.03.19"]
[Round "3"]
[White "vjbaker"]
[Black "Bleddyn"]
[Result "1-0"]
[WhiteElo "1786"]
[BlackElo "1745"]
[Opening "Scandinavian defense"]
[ECO "B01"]
[Time "16:31:11"]
[TimeControl "2700+45"]

1. e4 d5 2. exd5 Nf6 3. Bb5+ Nbd7 4. c4 g6 5. Nc3 Bg7 6. Nf3 O-O 7. O-O a6 8.
Ba4 Nc5 9. Bc2 b5 10. d4 Nb7 11. b3 bxc4 12. bxc4 Nd6 13. c5 Nb5 14. Nxb5 axb5
15. Bd3 Qxd5 16. Bxb5 Ba6 17. Bxa6 Rxa6 18. Bf4 c6 19. Re1 e6 20. Qb3 Qf5 21.
Bd6 Rfa8 22. Re5 Qg4 23. h3 Qf4 24. Rxe6 Qh6 25. Re7 Nd5 26. Rb7 Bf8 27. Rb8 Ra3
28. Qb7 R8a7 29. Qc8 Re7 30. Qxc6 Rxf3 31. Qxd5 Rf5 32. Qxf5 gxf5 33. Bxe7 Qf4
34. Rab1 Qxd4 35. Bxf8 f6 36. R1b7 Qa1+ 37. Kh2 Qe5+ 38. g3 {Black resigns} 1-0

[Event "Team 45 45 League T64"]
[Site "Internet Chess Club"]
[Date "2015.03.19"]
[Round "3"]
[White "room-matt"]
[Black "LittleButton"]
[Result "1/2-1/2"]
[WhiteElo "1910"]
[BlackElo "1857"]
[Opening "French: Rubinstein variation"]
[ECO "C10"]
[Time "16:04:06"]
[TimeControl "2700+45"]

1. e4 e6 2. d4 d5 3. Nc3 dxe4 4. Nxe4 Nd7 5. Nf3 Ngf6 6. Nxf6+ Nxf6 7. Bd3 c5 8.
O-O cxd4 9. Nxd4 Bc5 10. Nb3 Bd6 11. g3 O-O 12. Bg5 h6 13. Be3 e5 14. Bc4 a6 15.
Nd2 Ng4 16. Ne4 Nxe3 17. fxe3 Bc7 18. Qh5 Be6 19. Bxe6 fxe6 20. Rxf8+ Qxf8 21.
Rf1 Qe7 22. Qg6 Rf8 23. Rxf8+ Kxf8 24. b3 b5 25. Kf2 Qd7 26. Ke2 Qc6 27. c3 Ba5
28. Kd2 Qd5+ 29. Ke2 Qc6 30. Kd2 {Game drawn by mutual agreement} 1/2-1/2

[Event "Team 45 45 League T64"]
[Site "Internet Chess Club"]
[Date "2015.03.22"]
[Round "3"]
[White "chess09"]
[Black "Goli"]
[Result "1-0"]
[WhiteElo "1878"]
[BlackElo "1809"]
[Opening "King's Indian: Sämisch, 5...O-O"]
[ECO "E81"]
[Time "17:00:26"]
[TimeControl "2700+45"]

1. d4 Nf6 2. c4 g6 3. Nc3 Bg7 4. e4 d6 5. f3 O-O 6. Be3 Nbd7 7. Nh3 e5 8. d5 a6
9. Qd2 Qe7 10. Be2 c5 11. Nf2 b6 12. g4 Rd8 13. h4 Nf8 14. h5 Ne8 15. O-O-O Bd7
16. a3 Rdb8 17. hxg6 fxg6 18. Bh6 b5 19. Bxg7 Qxg7 20. f4 exf4 21. Qxf4 b4 22.
axb4 Rxb4 23. Rd2 Rab8 24. Qg3 a5 25. e5 Ba4 26. Nfe4 Qb7 27. Nxa4 Rxa4 28. Kb1
Rb4 29. Qc3 Rb3 30. Qc2 a4 31. Bd1 dxe5 32. Nxc5 Qa7 33. Nxb3 axb3 34. Qd3 Qa2+
35. Kc1 Qa1+ 36. Qb1 Qa4 37. Rh3 Qxc4+ 38. Rc3 Qf1 39. Qd3 Qxd3 40. Rdxd3 Nd6
41. Bxb3 Rb4 42. Rc6 e4 43. Re3 Nb7 44. d6+ Kh8 45. Rc8 Na5 46. Rxf8+ Kg7 47.
Rf7+ Kh6 48. d7 Nxb3+ 49. Rxb3 Rxb3 50. d8=Q {Black resigns} 1-0

[Event "Team 45 45 League T64"]
[Site "Internet Chess Club"]
[Date "2015.03.21"]
[Round "3"]
[White "zap2"]
[Black "LazyPeon"]
[Result "0-1"]
[WhiteElo "1677"]
[BlackElo "1871"]
[Opening "Réti: King's Indian attack"]
[ECO "A00"]
[Time "16:03:47"]
[TimeControl "2700+45"]

1. g3 Nf6 2. Nf3 g6 3. Bg2 Bg7 4. O-O O-O 5. d3 c5 6. Nbd2 d6 7. e4 Nc6 8. c3
Qc7 9. Qe2 e5 10. h3 h6 11. Nc4 b5 12. Ne3 Ne7 13. Nh4 Nh5 14. Nhf5 Nxf5 15.
Nxf5 Bxf5 16. exf5 Rae8 17. fxg6 fxg6 18. Qg4 Kh7 19. Be4 Qf7 20. Qxh5 d5 21.
Bxg6+ Qxg6 22. Qxg6+ Kxg6 23. a4 b4 24. Bd2 a5 25. Rae1 e4 26. dxe4 dxe4 27. Kg2
Rd8 28. Re2 Rd3 29. Be3 bxc3 30. bxc3 Rxc3 31. Rd1 Rd3 32. Rc1 Bd4 33. Rc4 Re8
34. Bxd4 cxd4 35. Rc5 Rc3 36. Rxa5 d3 37. Ra2 Rec8 38. Rd5 Rc2 39. Ra1 Rf8 40.
Rf1 Re2 41. a5 d2 42. Kg1 e3 43. f4 Re1 44. f5+ Kf6 45. Kg2 e2 46. Rd6+ Ke5 47.
Re6+ Kd5 48. Rxe2 Rxe2+ 49. Kf3 Re1 {White resigns} 0-1

[Event "Team 45 45 League T64"]
[Site "Internet Chess Club"]
[Date "2015.03.21"]
[Round "3"]
[White "Zugzwanged"]
[Black "Duguesclin"]
[Result "0-1"]
[WhiteElo "1662"]
[BlackElo "1645"]
[Opening "French: Tarrasch, open, 4.ed ed"]
[ECO "C08"]
[Time "10:04:22"]
[TimeControl "2700+45"]

1. e4 e6 2. d4 d5 3. Nd2 c5 4. exd5 exd5 5. Ngf3 Nf6 6. Bb5+ Nc6 7. O-O a6 8.
Bxc6+ bxc6 9. Re1+ Be6 10. Ng5 Qd7 11. dxc5 Bxc5 12. Nb3 Bb6 13. Qe2 O-O 14. Be3
d4 15. Bxd4 Bxd4 16. Rad1 Bg4 17. Nf3 Rfe8 18. Qf1 Rxe1 19. Qxe1 Re8 20. Qb4
Bxf2+ 21. Kxf2 Qxd1 {White resigns} 0-1